 Dungeon Crawl Stone Soup version 0.32-a0-779-g362cfcae2a (webtiles) character file.

Game seed: 9858147585039735225

157 retardedninja the Trooper (level 5, -13/43 HPs)
             Began as a Coglin Fighter on Mar 19, 2024.
             Mangled by an ogre
             ... wielding a +0 giant club
              (33 damage)
             ... on level 3 of the Dungeon.
             The game lasted 00:04:54 (2694 turns).

retardedninja the Trooper (Coglin Fighter)          Turns: 2694, Time: 00:04:55

Health: -13/43     AC:  6    Str: 18    XL:     5   Next: 38%
Magic:  5/5        EV:  8    Int:  7    God:
Gold:   262        SH:  0    Dex: 14    Spells: 4/4 levels left

rFire   . . .        a - +0 war axe {Audrea}
rCold   . . .        h - +0 hand axe {Yan}
rNeg    . . .        b - +0 scale mail
rPois   .            (no helmet)
rElec   .            (no cloak)
rCorr   .            (no gloves)
SInv    .            (no boots)
Will    .....        (amulet unavailable) Stlth
                     (ring unavailable)
HPRegen 0.27/turn    (ring unavailable)
MPRegen 0.09/turn    (no gizmo)

%: no passive effects
@: mighty, revving
A: off-hand wielding, slow wielding, warmup strikes, no jewellery
a: Invent Gizmo


You were on level 3 of the Dungeon.
You visited 1 branch of the dungeon, and saw 3 of its levels.

You collected 262 gold pieces.

Inventory:

Hand Weapons
 a - a +0 war axe (weapon) {Audrea}
 h - a +0 hand axe (offhand) {Yan}
Armour
 b - a +0 scale mail (worn)
 i - a +0 pair of boots
Scrolls
 e - a scroll of fear {unknown}
 f - a scroll of vulnerability
 g - a scroll of teleportation {unknown}
 j - 2 scrolls of blinking {unknown}
 k - a scroll of butterflies {unknown}
 n - a scroll of silence {unknown}
 o - a scroll of noise {unknown}
 p - a scroll of enchant weapon {unknown}
Potions
 c - a potion of degeneration
 l - a potion of curing {unknown}
 m - a potion of heal wounds {unknown}


   Skills:
 * Level 4.3 Fighting
 * Level 3.7 Axes
 + Level 3.3 Armour
 - Level 2.1 Shields


You had 4 spell levels left.
You didn't know any spells.
Your spell library was empty.

Dungeon Overview and Level Annotations

Branches:
Dungeon (3/15)

Altars:


Innate Abilities, Weirdness & Mutations

You can wield a second weapon in your off-hand.
It takes a long time for you to wield or remove held weapons.
Your first few attacks do less damage.
You cannot equip rings or amulets.


Message History

You hit the orc with your +0 hand axe.
The orc is almost dead.
You slash the orc with your +0 war axe!
You kill the orc!
No target in view!
No target in view!
No target in view!
No target in view!
Things that are here:
a +0 flail; 3 boomerangs; an orc corpse Key pressed, stopping explore.
Key pressed, stopping explore.
As you open the door, it creaks loudly!
Found a scroll labelled BUL XAATOEHUMANK.
There is an open door here.
p - a scroll labelled BUL XAATOEHUMANK
There is an open door here.
Key pressed, stopping explore.
Key pressed, stopping explore.
No target in view!
Key pressed, stopping explore.
Key pressed, stopping explore.
Key pressed, stopping explore.
Key pressed, stopping explore.
Key pressed, stopping explore.
A malevolent force fills the Dungeon... and a teleportation trap spontaneously manifests!
You are yanked towards a nearby monster!
Your surroundings suddenly seem different.
An ogre comes into view. It is wielding a +0 giant club.
The ogre shouts!
An ogre is nearby!
An ogre is nearby!
You feel very mighty all of a sudden.
The ogre hits you with a +0 giant club!!
Ouch! That really hurt!
You barely miss the ogre with your +0 war axe.
You slash the ogre with your +0 hand axe!
The ogre hits you with a +0 giant club!!
Ouch! That really hurt!
You die...

..... #.##. #.##. #.##.
#.... ## ..#.#####....
.. ...........#.
..###.#####...######..#.
......O@..#....### #..#.
..###.###.#.......##....
.. ............... ...
.........<##.#. ..#
.#....##...#.#. .
......##.....#.
..........#.## .#
...##..#.. .......


You could see an ogre.

Vanquished Creatures
  4 adders (D:2)
  4 gnolls
  2 ribbon worms (D:2)
  An orc (D:3)
  3 ball pythons
  12 endoplasms
  4 giant cockroaches
  5 hobgoblins
  11 kobolds
  6 quokkas
  3 bats (D:2)
  3 frilled lizards
  10 goblins
  3 rats (D:2)
71 creatures vanquished.

Notes
Turn   | Place    | Note
-------+----------+-------------------------------------------
     0 | D:1      | retardedninja the Coglin Fighter began the quest for the
                  | Orb.
     0 | D:1      | Reached XP level 1. HP: 18/18 MP: 1/1
    18 | D:1      | Reached XP level 2. HP: 21/24 MP: 2/2
   286 | D:1      | Reached XP level 3. HP: 29/29 MP: 3/3
   889 | D:2      | Reached XP level 4. HP: 36/37 MP: 4/4
  1292 | D:1      | Reached skill level 4 in Fighting
  1658 | D:2      | Reached XP level 5. HP: 37/42 MP: 5/5
  2689 | D:3      | Noticed an ogre
  2694 | D:3      | Mangled by an ogre

Illustrated notes

Levels and vault maps discovered:
D:1:      minmay_arrival_checkered_box, layout_rooms,
          nicolae_houndstooth_variations
D:2:      minmay_diamond_boxcup, layout_loops_ring, kennysheep_generic_room_16
D:3:      layout_basic, mainiacjoe_overflow_alcove_4, eino_tiny_chamber,
          chequers_serial_rivers_micro_e, uniq_crazy_yiuf_cottage

Skill      XL: |  1  2  3  4 |
---------------+-------------+-----
Armour         | 3 |  3.3
Axes           | 3 |  3.7
Fighting       | 4 |  4.3
Shields        | |  2.1

Action                     |  1- 3 |  4- 6 || total
---------------------------+-------+-------++-------
  Melee: War axe           |    60 |    70 ||   130
         Club              |    12 |       ||    12
         Hand axe          |    39 |    63 ||   102
    Use: Scroll            |     2 |       ||     2
         Potion            |       |     1 ||     1
 Armour: Scale mail        |    47 |    70 ||   117
  Dodge: Dodged            |    40 |    35 ||    75
  Block: Buckler           |     4 |       ||     4

Table legend: (Time is in decaauts)
 A = Elapsed time spent in this place.
 B = Non-inter-level travel time spent in this place.
 C = Inter-level travel time spent in this place.
 D = Time resting spent in this place.
 E = Time spent auto-exploring this place.
 F = Levels seen in this place.
 G = Mean time per level.
                   A        B        C        D        E       F      G
               +--------+--------+--------+--------+--------+-----+--------+
         Total |   2736 |   2686 |     50 |    653 |   1541 |   3 |  912.0 |
       Dungeon |   2736 |   2686 |     50 |    653 |   1541 |   3 |  912.0 |
               +--------+--------+--------+--------+--------+-----+--------+

Top non-repeatable levels by time:
     D:1: 1270 daAuts
     D:2: 1105 daAuts
     D:3: 360 daAuts
